 Dungeon Crawl Stone Soup version 0.29.0-4-gdea44cf6ec (webtiles) character file.

Game seed: 5198121828237921475

119 qw the Chopper (level 5, -3/30 HPs)
             Began as a Tengu Warper on Aug 28, 2022.
             Slain by a killer bee (5 damage)
             ... on level 5 of the Dungeon.
             The game lasted 00:00:20 (3639 turns).

qw the Chopper (Tengu Warper)                       Turns: 3639, Time: 00:00:20

Health: -3/30      AC: 10    Str: 14    XL:     5   Next: 3%
Magic:  9/9        EV:  5    Int: 13    God:
Gold:   244        SH:  0    Dex: 19    Spells: 8/8 levels left

rFire   . . .      SeeInvis .   Y - +0 hand axe
rCold   . . .      Faith    .   (no shield)
rNeg    . . .      Spirit   .   k - +0 plate armour
rPois   .          Reflect  .   (helmet restricted)
rElec   .          Harm     .   (no cloak)
rCorr   .          Rampage  .   (no gloves)
Will    .....                   (boots unavailable)
Stlth   ..........              h - amulet of the acrobat
HPRegen 0.10/turn               m - +6 ring of dexterity
MPRegen 0.11/turn               (no ring)

@: lethally poisoned (-3 -> -25), about to teleport, weak-willed, flying quickly
and evasively, quick
A: beak, talons 3, nimble flight
a: no special abilities


You were on level 5 of the Dungeon.
You visited 1 branch of the dungeon, and saw 5 of its levels.

You collected 244 gold pieces.


Innate Abilities, Weirdness & Mutations

You have a beak for a mouth.
You have claws for feet.
Your magical nature lets you fly swiftly and evasively.


   Skills:
 - Level 2.0 Fighting
 + Level 5.2 Axes
 - Level 1.0 Throwing
 - Level 2.0 Armour
 - Level 2.1 Dodging
 - Level 2.0 Spellcasting
 - Level 2.4 Translocations


You had 8 spell levels left.
You didn't know any spells.
Your spell library contained the following spells:

 Spells                   Type           Power      Damage    Failure   Level
 Blink                    Tloc           14%        N/A       100%        2
 Gell's Gravitas          Tloc           7%         N/A       100%        3
 Lesser Beckoning         Tloc           7%         N/A       100%        3
 Teleport Other           Tloc           7%         N/A       100%        3
 Manifold Assault         Tloc           7%         N/A       100%        5

Inventory:

Hand Weapons
 p - a +0 whip
 Y - a +0 hand axe (weapon)
Armour
 k - a +0 plate armour (worn)
Jewellery
 h - an amulet of the acrobat (around neck)
 m - a +6 ring of dexterity (left hand)
Scrolls
 b - a scroll of identify
Potions
 c - a potion of curing
 f - a potion of resistance {unknown}
 g - a potion of haste
 j - a potion of brilliance {unknown}
 o - a potion of berserk rage {unknown}

Dungeon Overview and Level Annotations

Branches:
Dungeon (5/15)
 Temple: D:4-7

Altars:
Fedhas
Wu Jian

Annotations:
D:4 2 transporters, qw's ghost, amateur TeWr


Message History

The killer bee stings you but does no damage. x3
The killer bee barely misses you.
3637 ||| DRINKING potion of heal wounds.
You feel much better.
You feel sick. The killer bee completely misses you.
The killer bee stings you but does no damage.
The killer bee barely misses you. The hound bites you but does no damage.
A hound comes into view.
The killer bee stings you but does no damage.
The killer bee stings you.
You are more poisoned.
The killer bee poisons you!
The killer bee stings you but does no damage.
The hound bites you.
The howler monkey hoots and howls with incredible vigour!
You hear a shout! x2; You hear a howl!
You hear a shout!
You hear an angry hiss.
You hear a shout!
You closely miss the killer bee. You claw the killer bee.
The killer bee is heavily wounded.
You closely miss the killer bee. You hit the killer bee.
You completely miss the hound.
You feel very sick. The killer bee barely misses you.
The killer bee stings you but does no damage.
The killer bee barely misses you. The killer bee closely misses you.
The killer bee stings you but does no damage. x2
The hound bites you. The killer bee stings you.
You are lethally poisoned!
The killer bee poisons you!
The killer bee stings you but does no damage.
The killer bee stings you.
You are more poisoned.
The killer bee poisons you!
You miss the killer bee. Your peck misses the killer bee.
The killer bee is heavily wounded.
You completely miss the killer bee. You hit the killer bee.
You closely miss the hound.
You feel extremely sick. The hound bites you but does no damage.
The killer bee stings you.
You die...

. ######## .#.####
#....[.#
......y####......#
...h..y@.........#
...h..yh.........#
.................#
.................#
..###.#####......#
# #. #......# ..
#.<....# ...
######## ..


You could see a howler monkey, 2 hounds and 3 killer bees.

Vanquished Creatures
  A jelly (D:4)
  An adder (D:4)
  An ufetubus (D:4)
  3 worms
  2 dart slugs
  7 bats
  6 endoplasms
  10 goblins
  7 hobgoblins
  2 quokkas (D:1)
  8 ball pythons
  A frilled lizard (D:1)
  7 kobolds (D:1)
  5 rats
61 creatures vanquished.

Vanquished Creatures (others)
  6 plants (D:4)
6 creatures vanquished.

Grand Total: 67 creatures vanquished

Notes
Turn   | Place    | Note
-------+----------+-------------------------------------------
     0 | D:1      | qw the Tengu Warper began the quest for the Orb.
     0 | D:1      | Reached XP level 1. HP: 12/12 MP: 4/4
     0 | D:1      | 0 ||| qw: Version: 0.1-a-89-g26bdef1
     0 | D:1      | 0 ||| qw: Game counter: 2666
     0 | D:1      | 0 ||| qw: Always use a shield: true
     0 | D:1      | 0 ||| qw: God list: Okawaru
     0 | D:1      | 0 ||| qw: Allow faded altars: false
     0 | D:1      | 0 ||| qw: Do Orc after D:15 true
     0 | D:1      | 0 ||| qw: Do second Lair branch before Depths: true
     0 | D:1      | 0 ||| qw: Lair rune preference: random
     0 | D:1      | 0 ||| qw: Plans: Normal
     0 | D:1      | 0 ||| PLANNING D:1-11
    46 | D:1      | Reached XP level 2. HP: 15/17 MP: 6/6
    90 | D:1      | Reached skill level 3 in Axes
   147 | D:1      | Found a faded altar of an unknown god.
   324 | D:1      | 324 ||| Stepping ~*~*~tactically~*~*~ (stealth).
   326 | D:1      | 326 ||| Stepping ~*~*~tactically~*~*~ (stealth).
   327 | D:1      | 327 ||| Stepping ~*~*~tactically~*~*~ (stealth).
   482 | D:1      | Reached XP level 3. HP: 21/21 MP: 7/7
   734 | D:1      | 734 ||| Stepping ~*~*~tactically~*~*~ (stealth).
   735 | D:1      | 735 ||| Stepping ~*~*~tactically~*~*~ (stealth).
   747 | D:1      | 747 ||| DROPPING +0 club.
   761 | D:1      | Reached skill level 4 in Axes
   788 | D:1      | 788 ||| UPGRADING to +0 ring mail.
   798 | D:1      | 798 ||| DROPPING +0 leather armour.
   799 | D:1      | 799 ||| UPGRADING to +0 plate armour.
   809 | D:1      | 809 ||| DROPPING +0 ring mail.
   810 | D:1      | 810 ||| UPGRADING to +6 ring of dexterity.
   811 | D:1      | 811 ||| READING scroll labelled WEFFON WAKH.
   812 | D:1      | 812 ||| READING scroll labelled LUHISSU EPAUTO.
   813 | D:1      | 813 ||| READING scroll labelled QOCKEWK XIEBEPS.
   814 | D:1      | 814 ||| DRINKING 2 fuming silvery potions.
   815 | D:1      | 815 ||| DROPPING scroll of blinking.
   854 | D:2      | 854 ||| Stepping ~*~*~tactically~*~*~ (hiding).
  1062 | D:2      | 1062 ||| Stepping ~*~*~tactically~*~*~ (stealth).
  1065 | D:2      | 1065 ||| Stepping ~*~*~tactically~*~*~ (stealth).
  1285 | D:2      | Found a blossoming altar of Fedhas.
  1441 | D:2      | Reached XP level 4. HP: 26/26 MP: 8/8
  1826 | D:2      | 1826 ||| READING scroll labelled GEEKHL TEHYIFEKH.
  1831 | D:2      | 1831 ||| READING 3 scrolls labelled SIDGHY HALO.
  1832 | D:2      | 1832 ||| READING 2 scrolls of identify.
  1832 | D:2      | 1832 ||| IDENTIFYING white potion
  2511 | D:3      | 2511 ||| UPGRADING to amulet of the acrobat.
  2516 | D:3      | 2516 ||| READING scroll labelled GOOMUS TODUTS.
  2517 | D:3      | 2517 ||| READING scroll labelled NOROSI PAVAERPH.
  2618 | D:3      | 2618 ||| READING 2 scrolls of identify.
  2618 | D:3      | 2618 ||| IDENTIFYING clear potion
  2619 | D:3      | 2619 ||| DROPPING potion of degeneration.
  2695 | D:4      | Found an ornate altar of the Wu Jian Council.
  2754 | D:4      | Found a transporter.
  2925 | D:4      | Identified the +0 scale mail "Apreerudd" {Fly rN++ rCorr
                  | Int-5}
  3290 | D:4      | 3290 ||| Stepping ~*~*~tactically~*~*~ (stealth).
  3291 | D:4      | 3291 ||| Stepping ~*~*~tactically~*~*~ (stealth).
  3323 | D:4      | Reached skill level 5 in Axes
  3323 | D:4      | Gained mutation: Your magical nature lets you fly swiftly
                  | and evasively. [Tengu growth]
  3323 | D:4      | Reached XP level 5. HP: 25/30 MP: 9/9
  3421 | D:4      | Found a transporter.
  3425 | D:4      | Identified the +1 spear of Vunaum {chaos, rN+ rCorr Dex+6}
  3425 | D:4      | Identified the +1 scale mail of Hossoup {rPois rCorr Str+4
                  | Int-5}
  3568 | D:4      | Noticed qw's ghost (amateur TeWr)
  3596 | D:4      | 3596 ||| READING scroll labelled JAITWE MINOM.
  3597 | D:4      | 3597 ||| READING scroll labelled LYWNIM ON FUE.
  3598 | D:4      | 3598 ||| READING scroll labelled PYETYAPLUUD.
  3599 | D:4      | 3599 ||| DRINKING 2 emerald potions.
  3600 | D:4      | 3600 ||| DRINKING 2 ruby potions.
  3601 | D:4      | 3601 ||| DROPPING potion of flight.
  3623 | D:5      | Entered Level 5 of the Dungeon
  3635 | D:5      | HP: 7/30 [killer bee (5)]
  3636 | D:5      | 3636 ||| READING scroll of teleportation.
  3637 | D:5      | 3637 ||| DRINKING potion of heal wounds.
  3639 | D:5      | HP: 2/30 [poisoned by a killer bee]
  3639 | D:5      | Slain by a killer bee

Levels and vault maps discovered:
D:1:      matt_arrival_spirals, layout_basic, basic_ecumenical_altar,
          minmay_pentomino_v4
D:2:      layout_basic, basic_altar, serial_rivers,
          chequers_serial_rivers_micro_d, chequers_serial_rivers_micro_c,
          chequers_serial_rivers_small_b, chequers_serial_rivers_large_b,
          chequers_serial_rivers_marsh
D:3:      layout_loops_ring, minmay_distorted
D:4:      layout_loops_corners, kennysheep_little_box,
          gammafunk_ghost_gnarly_gnolls, nicolae_kite_square_tiling_tiny
D:5:      layout_rooms, grunt_dithmenos_smoke, fedhas_altar_fruit_tree,
          kiku_gazebo_pond_becter, temple_fountains, serial_shops,
          nicolae_shop_trees, chequers_decorated_corner, corexii_shack

Skill      XL: |  1  2  3  4 |
---------------+-------------+-----
Axes           | 3 4 5 |  5.2
Armour         | 2 |  2.0
Fighting       | |  2.0
Throwing       | |  1.0
Dodging        | |  2.1
Spellcasting   | |  2.0
Translocations | |  2.4

Action                   |  1- 3 |  4- 6 || total
-------------------------+-------+-------++-------
Melee: Hand axe          |    87 |    33 ||   120
       Kick              |    26 |    12 ||    38
       Peck              |    17 |     3 ||    20
Throw: Boomerang         |     7 |       ||     7
  Use: Scroll            |     3 |    10 ||    13
       Potion            |     1 |     3 ||     4
Armor: Leather armour    |     8 |       ||     8
       Plate armour      |    17 |    28 ||    45
Dodge: Dodged            |    28 |    13 ||    41

Table legend:
 A = Non-vault XP
 B = Vault XP
 C = Vault XP percentage of total XP
 D = Non-vault monster count
 E = Vault monster count
 F = Vault count percentage of total count
                 A         B        C        D         E       F
            +---------+---------+-------+---------+---------+-------
      Total |     165 |       6 |   3.5 |      57 |       4 |   6.6
            +---------+---------+-------+---------+---------+-------
        D:1 |      41 |       5 |  10.9 |      25 |       3 |  10.7
        D:2 |      42 |       0 |   0.0 |      22 |       0 |   0.0
        D:3 |      14 |       1 |   6.7 |       5 |       1 |  16.7
        D:4 |      68 |       0 |   0.0 |       5 |       0 |   0.0
            +---------+---------+-------+---------+---------+-------
